 Dungeon Crawl Stone Soup version 0.29.1-1-gd02db6906a (webtiles) character file.

Game seed: 10829402990734765901

7003 sankara the Basher (level 11, -18/71 HPs)
             Began as a Gargoyle Fighter on Oct 20, 2022.
             Was an Elder of Okawaru.
             Demolished by Snorg (21 damage)
             ... on level 11 of the Dungeon.
             The game lasted 00:24:03 (9470 turns).

sankara the Basher (Gargoyle Fighter)               Turns: 9470, Time: 00:24:04

Health: -18/71     AC: 31    Str: 26    XL:     11   Next: 8%
Magic:  13/13      EV:  9    Int:  8    God:    Okawaru [****..]
Gold:   211        SH:  4    Dex:  8    Spells: 10/10 levels left

rFire   + + +      SeeInvis .   a - +0 flail
rCold   . . .      Faith    .   c - +0 buckler
rNeg    + . .      Spirit   .   C - +8 chain mail of the Haunted God {Rampage rPois Str+5 Stlth+}
rPois   ∞          Reflect  .   (no helmet)
rElec   +          Harm     .   Q - +1 cloak
rCorr   +          Rampage  +   z - +0 pair of gloves of Ciongach {rF+++ rCorr Dex-5 Stlth+}
Will    .....                   (no boots)
Stlth   ..........              M - amulet of regeneration
HPRegen 1.01/turn               m - ring of flight
MPRegen 0.13/turn               (no ring)

@: about to teleport, flying
A: sickness immunity, AC +8, negative energy resistance 1, electricity
resistance, torment resistance 1, petrification resistance
a: Renounce Religion, Heroism, Finesse


You were on level 11 of the Dungeon.
You worshipped Okawaru.
Okawaru was greatly pleased with you.
You visited 2 branches of the dungeon, and saw 12 of its levels.

You collected 567 gold pieces.
You spent 356 gold pieces at shops.

Inventory:

Hand Weapons
 a - a +0 flail (weapon)
 i - a +0 sling
 G - the +12 rapier of Qeomago {vorpal, rF+ Int+4}
   (You found it on level 5 of the Dungeon)

   It inflicts extra damage upon your enemies.
   Int:       It affects your intelligence (+4).
   rF:        It protects you from fire.
Missiles
 g - 122 stones
 j - 3 poisoned darts
 k - 8 boomerangs (quivered)
 v - 6 javelins
 y - a throwing net
 T - 11 atropa-tipped darts
Armour
 c - a +0 buckler (worn)
 z - the +0 pair of gloves of Ciongach (worn) {rF+++ rCorr Dex-5 Stlth+}
   (You found it on level 3 of the Dungeon)

   Dex:       It affects your dexterity (-5).
   rF:        It renders you almost immune to fire.
   rCorr:     It protects you from acid and corrosion.
   Stlth:     It makes you more stealthy.
 A - a +0 scale mail of cold resistance
 C - the +8 chain mail of the Haunted God (worn) {Rampage rPois Str+5 Stlth+}
   (You bought it in a shop on level 3 of the Dungeon)

   Str:       It affects your strength (+5).
   rPois:     It protects you from poison.
   Rampage:   It bestows one free step when moving towards enemies.
   Stlth:     It makes you more stealthy.
 Q - a +1 cloak (worn)
 U - +0 steam dragon scales
 Z - a +2 kite shield
Jewellery
 m - a ring of flight (left hand)
 M - an amulet of regeneration (around neck)
 X - a ring of see invisible
 Y - a +6 ring of dexterity
Wands
 H - a wand of acid (2)
 N - a wand of mindburst (8)
 P - a wand of iceblast (12)
 S - a wand of digging (2)
 V - a wand of polymorph (8)
Scrolls
 e - 4 scrolls of vulnerability {unknown}
 f - 13 scrolls of identify {unknown}
 h - a scroll of acquirement {unknown}
 l - 5 scrolls of teleportation
 n - a scroll of fear {unknown}
 o - a scroll of amnesia {unknown}
 p - a scroll of summoning {unknown}
 q - a scroll of silence {unknown}
 w - 2 scrolls of enchant weapon {unknown}
 x - a scroll of poison {unknown}
 B - a scroll of brand weapon {unknown}
 F - 3 scrolls of noise {unknown}
 K - 2 scrolls of magic mapping {unknown}
 L - a scroll of butterflies {unknown}
 R - 2 scrolls of immolation {unknown}
Potions
 b - a potion of attraction {unknown}
 d - 3 potions of might
 r - 5 potions of cancellation {unknown}
 s - a potion of brilliance {unknown}
 t - 4 potions of curing
 u - 3 potions of heal wounds {unknown}
 D - 2 potions of flight {unknown}
 E - a potion of berserk rage {unknown}
 I - 2 potions of degeneration {unknown}
 J - a potion of magic {unknown}
 O - a potion of lignification {unknown}
 W - 2 potions of haste {unknown}


   Skills:
 + Level 9.1 Fighting
 * Level 11.2 Maces & Flails
 + Level 9.2 Armour
 + Level 3.7 Dodging
 - Level 4.0 Shields
 - Level 3.0 Invocations


You had 10 spell levels left.
You didn't know any spells.
Your spell library contained the following spells:

 Spells                   Type           Power      Damage    Failure   Level
 Frozen Ramparts          Ice            0%         1d1       100%        3
 Ozocubu's Armour         Ice            0%         N/A       100%        3
 Ice Form                 Ice/Tmut       0%         N/A       100%        4
 Blade Hands              Tmut           0%         N/A       100%        5
 Borgnjor's Vile Clutch   Necr/Erth      0%         N/A       100%        5
 Iron Shot                Conj/Erth      0%         9d1       100%        6
 Ozocubu's Refrigeration  Ice            0%         4d7       100%        7
 Animate Armour           Summ/Erth      Unusable   N/A       N/A         4
 Animate Dead             Necr           Unusable   N/A       N/A         4
 Summon Ice Beast         Ice/Summ       Unusable   N/A       N/A         4
 Death Channel            Necr           Unusable   N/A       N/A         6

Dungeon Overview and Level Annotations

Branches:
Dungeon (11/15)            Temple (1/1) D:5            Lair (0/5) D:11
    Orc (0/2) D:9

Altars:
Cheibriados
Dithmenos
Elyvilon
Fedhas
Hepliaklqana
Kikubaaqudgha
Makhleb
Okawaru
Qazlal
Ru
Sif Muna
Trog
Uskayaw
Vehumet
Wu Jian
Yredelemnul
Zin
The Shining One

Shops:
D:3 [   D:4 (   D:5 :([   D:6 ==[:(

Annotations:
D:8 3 runed translucent doors, funkygono's ghost, novice DEFE
D:11 Snorg


Innate Abilities, Weirdness & Mutations

You are immune to sickness and miasma.
Your stone body is resilient. (AC +8)
You are immune to poison.
You resist negative energy. (rN+)
You are resistant to electric shocks. (rElec)
You are resistant to unholy torment.
You are immune to petrification.


Message History

a +4 vorpal spear; a +0 scale mail; a +2 kite shield
Z - a +2 kite shield Snorg the Insatiable comes into view.
Snorg shouts!
You see here a scroll labelled VORGHE VEDOA.
You rampage towards Snorg!
You hit Snorg.
Snorg is lightly wounded.
Snorg bites you but does no damage. Snorg misses you.
Snorg claws you but does no damage.
You sock Snorg!
Snorg is moderately wounded.
Snorg bites you but does no damage. Snorg claws you but does no damage. x2
You barely miss Snorg.
Snorg is moderately wounded.
Snorg bites you but does no damage. Snorg claws you! You block Snorg's attack.
You barely miss Snorg.
Snorg is lightly wounded.
Snorg goes berserk!
You hit Snorg.
Snorg is moderately wounded.
Snorg bites you! You block Snorg's attack. Snorg claws you but does no damage.
Snorg bites you. You block Snorg's attack. Snorg completely misses you.
You barely miss Snorg.
Snorg is moderately wounded.
Snorg bites you but does no damage. Snorg barely misses you. Snorg claws you!
You bludgeon Snorg!!
Snorg is moderately wounded.
Snorg bites you. You block Snorg's attack. Snorg completely misses you.
You thump Snorg!
Snorg is moderately wounded.
Snorg bites you! Snorg claws you!
* * * LOW HITPOINT WARNING * * *
Snorg claws you!
* * * LOW HITPOINT WARNING * * *
You are too injured to fight recklessly!
As you read the scroll labelled KEKLOYXK XINNI, it crumbles to dust.
You feel strangely unstable.
It was a scroll of teleportation.
Snorg bites you but does no damage. Snorg barely misses you. x2
Snorg bites you!!
You die...

##....###
#.#......#
#...##
#.########
#...# .#
#...# #.
#...#####..
#####
##........#
##...##
#.......[.#
#.....#
#..?.....##
##.<...#
#..@.....#
#.......
#...T.....#
##.....).
#........##
#........
##.......#
##........
#.......#
#.........
#......##
#.........
##.....#
##.........
#......
#..........
##........#


You could see Snorg (berserk).

Vanquished Creatures
  A hydra (D:11)
  A boulder beetle (D:11)
  A two-headed ogre (D:11)
  A gargoyle (D:8)
  3 trolls (D:11)
  Sigmund (D:3)
  Eustachio (D:5)
  2 steam dragons (D:7)
  2 water moccasins
  An orc warrior (D:6)
  2 black bears
  2 ice beasts
  4 ogres
  3 centaurs
  5 necrophages
  Blork the orc (D:4)
  3 scorpions
  A bullfrog (D:8)
  A gnoll sergeant (D:11)
  A water moccasin zombie (D:5)
  12 wights
  A howler monkey (D:8)
  A human zombie (D:5)
  4 hounds
  8 orc priests
  A gnoll bouda (D:4)
  A jelly (D:5)
  Ijyb (D:5)
  2 iguanas (D:5)
  6 orc wizards
  2 hound zombies (D:5)
  A mummy (D:5)
  12 adders
  15 gnolls
  A white imp (D:5)
  An ufetubus (D:4)
  An adder zombie (D:5)
  A dart slug (D:1)
  28 orcs
  10 endoplasms
  3 giant cockroaches
  11 hobgoblins
  8 jackals
  7 kobolds
  6 quokkas
  9 ball pythons
  11 bats
  7 frilled lizards
  8 goblins
  4 rats
220 creatures vanquished.

Vanquished Creatures (others)
  An orc wizard (D:5)
  9 fungi (D:7)
  2 plants (D:1)
12 creatures vanquished.

Grand Total: 232 creatures vanquished

Notes
Turn   | Place    | Note
-------+----------+-------------------------------------------
     0 | D:1      | sankara the Gargoyle Fighter began the quest for the Orb.
     0 | D:1      | Reached XP level 1. HP: 14/14 MP: 1/1
    68 | D:1      | Reached XP level 2. HP: 19/19 MP: 2/2
   112 | D:1      | Found a faded altar of an unknown god.
   496 | D:1      | Reached XP level 3. HP: 23/23 MP: 3/3
   940 | D:1      | Reached skill level 3 in Maces & Flails
   940 | D:1      | Reached XP level 4. HP: 12/29 MP: 4/4
  1628 | D:2      | Reached XP level 5. HP: 19/33 MP: 5/5
  2364 | D:3      | Found a hide-covered altar of Uskayaw.
  2573 | D:3      | Found a burning altar of Makhleb.
  2580 | D:3      | Noticed a cacodemon
  2585 | D:3      | Noticed an orange demon
  2585 | D:3      | Noticed a smoke demon
  2742 | D:3      | Noticed Sigmund
  2761 | D:3      | Killed Sigmund
  2762 | D:3      | Reached skill level 4 in Maces & Flails
  2762 | D:3      | Reached XP level 6. HP: 12/39 MP: 6/6
  2923 | D:3      | Noticed a water moccasin
  2944 | D:3      | HP: 1/39 [water moccasin (7)]
  2950 | D:3      | Killed a water moccasin
  2951 | D:3      | Reached skill level 5 in Maces & Flails
  2951 | D:3      | Reached XP level 7. HP: 9/44 MP: 7/7
  3220 | D:3      | Reached skill level 5 in Fighting
  3220 | D:3      | Reached skill level 5 in Armour
  3274 | D:3      | Found Duhus's Antique Armour Shop.
  3293 | D:3      | Identified the +0 pair of gloves of Ciongach {rF+++ rCorr
                  | Dex-5 Stlth+}
  4375 | D:3      | Bought a fine chain mail for 199 gold pieces
  4375 | D:3      | Identified the +8 chain mail of the Haunted God {Rampage
                  | rPois Str+5 Stlth+} (You bought it in a shop on level 3 of
                  | the Dungeon)
  4428 | D:4      | Found Ateufon's Weapon Shop.
  4492 | D:4      | Found a blossoming altar of Fedhas.
  4881 | D:4      | Noticed Blork the orc
  4885 | D:4      | Killed Blork the orc
  4967 | D:4      | Reached skill level 6 in Maces & Flails
  5369 | D:5      | Entered Level 5 of the Dungeon
  5376 | D:5      | Reached XP level 8. HP: 51/51 MP: 8/8
  5390 | D:5      | Found the +8 whip "Snakebite" {venom, curare, rPois}
  5407 | D:5      | Found a glowing golden altar of the Shining One.
  5469 | D:5      | Found Culeas's Weapon Shoppe.
  5510 | D:5      | Reached skill level 7 in Maces & Flails
  5522 | D:5      | Found an iron altar of Okawaru.
  5610 | D:5      | Noticed Eustachio
  5689 | D:5      | Killed Eustachio
  5778 | D:5      | Found a staircase to the Ecumenical Temple.
  5786 | D:5      | Found Ahiklaut's Armour Shoppe.
  5789 | Temple   | Entered the Ecumenical Temple
  5839 | D:5      | Identified the +12 rapier of Qeomago {vorpal, rF+ Int+4}
  5864 | D:5      | Found Erchui's Book Emporium.
  5916 | D:5      | Noticed Ijyb
  5928 | D:5      | Killed Ijyb
  5929 | D:5      | Reached XP level 9. HP: 56/56 MP: 9/9
  5988 | D:5      | Found a shadowy altar of Dithmenos.
  5989 | D:5      | Found a hazy altar of Hepliaklqana.
  6016 | D:5      | Became a worshipper of Warmaster Okawaru
  6154 | D:5      | Reached skill level 8 in Maces & Flails
  6320 | D:5      | Found an ancient bone altar of Kikubaaqudgha.
  6389 | D:6      | Found Ximmun's Jewellery Shoppe.
  6452 | D:6      | Found Awaroo's Antique Weapon Shoppe.
  6591 | D:6      | Reached * piety under Okawaru
  6654 | D:6      | Found Isiq's Book Shop.
  6683 | D:6      | Reached skill level 9 in Maces & Flails
  6792 | D:6      | Found Cocluf's Armour Emporium.
  6820 | D:6      | Found a glowing silver altar of Zin.
  6861 | D:6      | Found Naom's Jewellery Shop.
  6903 | D:6      | Found an ornate altar of the Wu Jian Council.
  7216 | D:6      | Reached skill level 1 in Invocations
  7238 | D:7      | Identified the +2 leather armour of Foplaogh {Int+3 Slay+2}
  7373 | D:3      | Bought a glowing cloak for 157 gold pieces
  7543 | D:7      | Reached skill level 1 in Dodging
  7596 | D:7      | Reached ** piety under Okawaru
  7743 | D:7      | Reached XP level 10. HP: 58/64 MP: 11/11
  7752 | D:7      | Found a white marble altar of Elyvilon.
  7882 | D:8      | Noticed a gargoyle
  7916 | D:8      | Killed a gargoyle
  8066 | D:7      | Reached skill level 10 in Maces & Flails
  8364 | D:8      | Found a runed translucent gate.
  8365 | D:8      | Found a runed translucent gate.
  8366 | D:8      | Found a runed translucent gate.
  8369 | D:8      | Noticed funkygono's ghost (novice DEFE)
  8774 | D:9      | Found a basalt altar of Yredelemnul.
  8825 | D:9      | Reached *** piety under Okawaru
  8850 | D:9      | Found a staircase to the Orcish Mines.
  8876 | D:9      | You are sucked into a shaft and drop 2 floors!
  8899 | D:11     | Noticed a boulder beetle
  8950 | D:11     | Killed a boulder beetle
  8964 | D:11     | Noticed a two-headed ogre
  8975 | D:11     | Killed a two-headed ogre
  9002 | D:10     | Entered Level 10 of the Dungeon
  9018 | D:10     | Noticed a six-headed hydra
  9018 | D:10     | Noticed a kobold demonologist
  9110 | D:11     | Reached **** piety under Okawaru
  9118 | D:11     | Found a staircase to the Lair.
  9121 | D:11     | Noticed a seven-headed hydra
  9148 | D:11     | HP: 3/65 [seven-headed hydra (3)]
  9149 | D:11     | Killed a seven-headed hydra
  9150 | D:11     | Reached skill level 11 in Maces & Flails
  9150 | D:11     | Reached XP level 11. HP: 5/71 MP: 13/13
  9459 | D:11     | Noticed Snorg
  9469 | D:11     | HP: 2/71 [Snorg (13)]
  9470 | D:11     | Demolished by Snorg

Illustrated notes

Levels and vault maps discovered:
D:1:      ebering_hopf_link, layout_basic, serial_forest,
          infiniplex_forest_clump_cross, infiniplex_forest_lined_room_3,
          infiniplex_forest_end_2, infiniplex_forest_clump_double,
          infiniplex_forest_straight_2, infiniplex_forest_lined_3,
          infiniplex_forest_straight_4, dreamdust_ecumenical_altar_statues,
          minmay_misc_feat_nine_boxes, minmay_indecisive_spiral
D:2:      layout_loops_ring, kennysheep_path_1, minmay_joined_circles
D:3:      layout_loops_cross, makhleb_altar_promises_db,
          mainiacjoe_overflow_catwalk, serial_shops, nicolae_shop_behind_doors,
          uniq_sigmund
D:4:      layout_basic, fedhas_altar_1, serial_shops, kennysheep_little_box,
          st_stairs_13, uniq_blork_the_orc
D:5:      layout_rooms, tso_altar, riverfiend_overflow_shadow_ancestor,
          okawaru_trees_2, lemuel_mausoleum_altar_kikubaaqudgha, serial_shops,
          nicolae_shop_trees, nicolae_shop_advertising_works
          [nicolae_subvault_shop_adworks], nicolae_square_shop,
          grunt_ministairs_1, uniq_ijyb, uniq_eustachio
D:6:      layout_basic, lemuel_doored_altar,
          mainiacjoe_overflow_six_doors_small, serial_shops,
          kennysheep_mini_moat, shop, nicolae_shop_trees, shop, shop
D:7:      kennysheep_steamy, layout_rooms, lemuel_crystal_altar
D:8:      layout_loops_ring, ebering_ghost_rock_garden
D:9:      layout_basic, xom_confusion_cloud, lemuel_tele_altar, orc_0_dummy,
          uniq_maggie
D:10:     mumra_celtic_spiral_tile, layout_basic,
          mainiacjoe_overflow_surrounded_room,
          mainiacjoe_overflow_cross_hatched,
          nicolae_gozag_cash_rules_everything_around_me, grunt_ministairs_9
D:11:     layout_cave_pods, lair_entry_dummy, uniq_erica, uniq_sonja, uniq_snorg
Temple:   hellmonk_temple_two_chambers

Skill      XL: |  1  2  3  4  5  6  7  8  9 10 |
---------------+-------------------------------+-----
Maces & Flails | 3 4 5 6 7 9 11 | 11.2
Fighting       | 4 5 6 7 9 |  9.1
Armour         | 4 5 6 8 9 |  9.2
Shields        | 4 |  4.0
Invocations    | 2 3 |  3.0
Dodging        | 1 3 |  3.7

Action                   |  1- 3 |  4- 6 |  7- 9 | 10-12 || total
-------------------------+-------+-------+-------+-------++-------
Melee: Flail             |   101 |   190 |   491 |   265 ||  1047
Throw: Dart              |       |       |     2 |       ||     2
  Use: Potion            |       |     2 |       |       ||     2
       Scroll            |       |       |       |     1 ||     1
Armor: Scale mail        |    80 |   106 |    38 |       ||   224
       Chain mail        |       |       |   272 |   218 ||   490
Dodge: Dodged            |    65 |   100 |   171 |   123 ||   459
Block: Buckler           |    22 |    49 |    91 |    63 ||   225
